 Dungeon Crawl Stone Soup version 0.30-a0-840-ga523dec638 (webtiles) character file.

Game seed: 17230757496417258038

1311 retardedninja the Shield-Bearer (level 8, 0/87 (100) HPs)
             Began as a Gnoll Fighter on Mar 1, 2023.
             Was an Initiate of Hepliaklqana.
             Slain by a wight
             ... wielding a +2 falchion
              (1 damage)
             ... on level 8 of the Dungeon.
             The game lasted 00:07:37 (6208 turns).

retardedninja the Shield-Bearer (Gnoll Fighter)     Turns: 6208, Time: 00:07:38

HP:   0/87 (100)    AC: 24    Str: 25    XL:     8   Next: 58%
MP:   13/13         EV:  2    Int:  7    God:    Hepliaklqana [......]
Gold: 241           SH:  0    Dex: 11    Spells: 14/14 levels left

rFire   . . .      SeeInvis .    v - +7 Throatcutter {drain, coup de grace}
rCold   . . .      Faith    .    c - +0 buckler
rNeg    . . .      Spirit   .    (body armour currently unavailable)
rPois   +          Reflect  .    (helmet currently unavailable)
rElec   .          Harm     .    (cloak currently unavailable)
rCorr   .          Rampage  .    (gloves currently unavailable)
Will    .....      NoTele   +    (boots currently unavailable)
Stlth   +                        (no amulet)
HPRegen 0.34/turn                h - ring of poison resistance
MPRegen 0.13/turn                i - +6 ring of strength

@: confused, tree-form, ambrosia-drunk, heavily drained
A: stationary, stasis, torment immunity, boosted hp, (fangs 1), strong nose,
distributed training, subdued magic 1
a: Renounce Religion


You were on level 8 of the Dungeon.
You worshipped Hepliaklqana.
Hepliaklqana was noncommittal.
You were a tree.
You visited 2 branches of the dungeon, and saw 8 of its levels.

You collected 241 gold pieces.

Inventory:

Hand Weapons
 v - the +7 Throatcutter (weapon) {drain, coup de grace}
   (You found it on level 4 of the Dungeon)
Armour
 a - a +0 chain mail (melded)
 c - a +0 buckler (worn)
 s - a +0 helmet (melded)
Jewellery
 h - a ring of poison resistance (left branch)
 i - a +6 ring of strength (right branch)
 w - a +4 ring of slaying
 x - a ring of protection from cold
Wands
 l - a wand of light (2)
 u - a wand of polymorph (11)
Scrolls
 d - a scroll of amnesia
 e - 2 scrolls of fear {unknown}
 f - a scroll of brand weapon {unknown}
 g - a scroll of enchant weapon {unknown}
 j - 4 scrolls of identify
 k - 2 scrolls of silence {unknown}
 m - 2 scrolls of teleportation {unknown}
 n - a scroll of blinking {unknown}
 o - a scroll of acquirement {unknown}
 p - a scroll of torment {unknown}
 q - a scroll of poison {unknown}
Potions
 b - a potion of attraction {unknown}
 r - 2 potions of ambrosia
 t - 2 potions of lignification


   Skills:
 + Level 7.5 Fighting
 + Level 3.5 Short Blades
 + Level 3.5 Long Blades
 + Level 3.5 Axes
 + Level 5.8 Maces & Flails
 + Level 3.5 Polearms
 + Level 3.5 Staves
 + Level 3.5 Ranged Weapons
 + Level 3.5 Throwing
 + Level 7.5 Armour
 + Level 3.5 Dodging
 + Level 3.5 Stealth
 + Level 7.5 Shields
 + Level 3.5 Unarmed Combat
 + Level 3.5 Spellcasting
 + Level 2.9 Conjurations
 + Level 2.9 Hexes
 + Level 2.9 Summonings
 + Level 2.9 Necromancy
 + Level 2.9 Translocations
 + Level 2.9 Transmutations
 + Level 2.9 Fire Magic
 + Level 2.9 Ice Magic
 + Level 2.9 Air Magic
 + Level 2.9 Earth Magic
 + Level 2.9 Poison Magic
 + Level 3.9 Invocations
 + Level 3.5 Evocations


You had 14 spell levels left.
You didn't know any spells.
Your spell library contained the following spells:

 Spells                   Type           Power      Damage    Failure   Level
 Lesser Beckoning         Tloc           8%         N/A       16%         2
 Sublimation of Blood     Necr           4%         N/A       16%         2
 Call Canine Familiar     Summ           4%         N/A       32%         3
 Gell's Gravitas          Tloc           4%         N/A       32%         3
 Kindle Blastsparks       Fire/Tloc/Air  8%         2d10      32%         3
 Portal Projectile        Hex/Tloc       8%         N/A       32%         3
 Teleport Other           Tloc           4%         N/A       32%         3
 Fulminant Prism          Conj/Hex       2%         3d5       73%         4
 Iskenderun's Mystic Bla  Conj/Tloc      4%         2d3       73%         4
 Leda's Liquefaction      Hex/Erth       2%         N/A       73%         4
 Petrify                  Tmut/Erth      4%         N/A       73%         4
 Irradiate                Conj/Tmut      2%         3d12      97%         5
 Lee's Rapid Deconstruct  Erth           2%         3d4*      97%         5


Dungeon Overview and Level Annotations

Branches:
Dungeon (6/15)             Temple (1/1) D:5

Altars:
Ashenzari
Dithmenos
Elyvilon
Fedhas
Hepliaklqana
Kikubaaqudgha
Makhleb
Nemelex Xobeh
Okawaru
Qazlal
Trog
Uskayaw
Vehumet
Xom
Yredelemnul
Zin
The Shining One

Shops:
D:3 =


Innate Abilities, Weirdness & Mutations

You are a tree.
Your roots penetrate the ground, keeping you stationary.
You cannot be teleported.
You are immune to unholy pain and torment.
Your maximum health is greatly increased.
Your equipment is partially melded.
((You have very sharp teeth.))
Your uncanny sense of smell can sniff out nearby items.
Your experience applies equally to all skills.
Your spells are a little easier to cast, but a little less powerful.


Message History

The steam dragon claws itself.
The wight misses you.
A gnoll comes into view. It is wielding a +0 spear.
The wight hits you with a +2 falchion!
You feel drained.
The gnoll sergeant blocks the gnoll's attack.
The swamp drake bites you but does no damage.
You closely miss the wight.
The gnoll hits the steam dragon with a +0 club.
The wight barely misses you. The wight hits you with a +2 falchion.
The swamp drake bites you!
As you read the scroll labelled WICLUY XIORINU, it crumbles to dust.
It is a scroll of identify.
d - a scroll of amnesia The steam dragon barely misses you. x2
The gnoll sergeant hits you from afar with a +0 spear.
The wight barely misses you. x2
The gnoll hits the gnoll sergeant with a +0 club.
The swamp drake completely misses you.
It was a potion of lignification.
You turn into a tree.
Your +0 helmet melds into your body.
Your +0 chain mail melds into your body.
Your roots penetrate the ground.
You block the gnoll sergeant's attack. You block the wight's attack.
The wight hits you with a +2 falchion!
* * * LOW HITPOINT WARNING * * *
You feel drained.
* * * LOW HITPOINT WARNING * * *
The gnoll hits you but does no damage. The swamp drake bites you!
* * * LOW HITPOINT WARNING * * *
You are confused.
You feel invigorated. The steam dragon bites you.
* * * LOW HITPOINT WARNING * * *
The steam dragon claws you but does no damage.
The steam dragon bites itself but does no damage.
The steam dragon claws itself.
The gnoll sergeant hits you but does no damage.
The wight hits you from afar with a +3 halberd!
* * * LOW HITPOINT WARNING * * *
You feel drained.
* * * LOW HITPOINT WARNING * * *
The wight hits you with a +2 falchion.
You die...

∆ # #.#. .# ##.#.#.
.# # ..#.#.####.##.#
#.#.#.?........
##.#.##.ggg.....
#....#.#kg#
#.#..z.♣..##.#
#.....FzD....#
##.#.##........#
######...###...###.#
......!..# #...... #
.............#####
##############


You could see a swamp drake, a steam dragon (confused), a gnoll sergeant, a
bullfrog (confused), 2 wights and 3 gnolls.

Vanquished Creatures
  A wyvern (D:6)
  2 ice beasts
  An ogre (D:5)
  A centaur (D:5)
  A bullfrog (D:6)
  2 kobold brigands
  A necrophage (D:3)
  A howler monkey (D:5)
  2 hounds
  A jelly (D:4)
  An orc priest (D:6)
  A gnoll bouda (D:5)
  3 orc wizards (D:6)
  3 iguanas (D:3)
  Robin (D:3)
  4 gnolls
  4 adders (D:2)
  A shadow imp (D:6)
  3 worms
  2 dart slugs (D:1)
  10 orcs
  A bat (D:3)
  7 endoplasms
  A giant cockroach (D:2)
  15 goblins
  5 hobgoblins
  6 jackals
  6 quokkas
  7 ball pythons
  5 frilled lizards
  18 kobolds
  5 rats
122 creatures vanquished.

Vanquished Creatures (others)
  2 plants (D:1)
2 creatures vanquished.

Grand Total: 124 creatures vanquished

Notes
Turn   | Place    | Note
-------+----------+-------------------------------------------
     0 | D:1      | retardedninja the Gnoll Fighter began the quest for the
                  | Orb.
     0 | D:1      | Reached XP level 1. HP: 23/23 MP: 1/1
   196 | D:1      | Reached XP level 2. HP: 29/29 MP: 2/2
   433 | D:1      | Found a faded altar of an unknown god.
  1069 | D:2      | Reached XP level 3. HP: 35/35 MP: 3/3
  1366 | D:2      | Reached skill level 1 in Invocations
  1429 | D:2      | Reached skill level 1 in Short Blades
  1429 | D:2      | Reached skill level 1 in Long Blades
  1429 | D:2      | Reached skill level 1 in Axes
  1429 | D:2      | Reached skill level 1 in Polearms
  1429 | D:2      | Reached skill level 1 in Staves
  1429 | D:2      | Reached skill level 1 in Ranged Weapons
  1429 | D:2      | Reached skill level 1 in Throwing
  1429 | D:2      | Reached skill level 1 in Dodging
  1429 | D:2      | Reached skill level 1 in Stealth
  1429 | D:2      | Reached skill level 1 in Unarmed Combat
  1429 | D:2      | Reached skill level 1 in Spellcasting
  1429 | D:2      | Reached skill level 1 in Evocations
  1508 | D:2      | Reached XP level 4. HP: 41/41 MP: 5/5
  1680 | D:2      | Reached skill level 1 in Conjurations
  1680 | D:2      | Reached skill level 1 in Hexes
  1680 | D:2      | Reached skill level 1 in Summonings
  1680 | D:2      | Reached skill level 1 in Necromancy
  1680 | D:2      | Reached skill level 1 in Translocations
  1680 | D:2      | Reached skill level 1 in Transmutations
  1680 | D:2      | Reached skill level 1 in Fire Magic
  1680 | D:2      | Reached skill level 1 in Ice Magic
  1680 | D:2      | Reached skill level 1 in Air Magic
  1680 | D:2      | Reached skill level 1 in Earth Magic
  1680 | D:2      | Reached skill level 1 in Poison Magic
  1962 | D:3      | Found Luel's Jewellery Boutique.
  1978 | D:3      | Gained mutation: Your spells are a little harder to cast,
                  | but a little more powerful. [potion of mutation]
  1978 | D:3      | Lost mutation: Your spells are a little harder to cast, but
                  | a little more powerful. [potion of mutation]
  1978 | D:3      | Gained mutation: Your spells are a little easier to cast,
                  | but a little less powerful. [potion of mutation]
  2309 | D:3      | Reached XP level 5. HP: 47/47 MP: 7/7
  2411 | D:3      | Found a blossoming altar of Fedhas.
  2818 | D:3      | Noticed Robin
  2825 | D:3      | Killed Robin
  3326 | D:3      | Reached XP level 6. HP: 37/53 MP: 8/8
  3334 | D:3      | Reached skill level 5 in Maces & Flails
  4142 | D:4      | Found the +7 Throatcutter {drain, coup de grace}
  4241 | D:5      | Entered Level 5 of the Dungeon
  4406 | D:5      | Reached XP level 7. HP: 32/60 MP: 10/10
  4687 | D:5      | Found a shimmering altar of Xom.
  4690 | D:5      | Found a burning altar of Makhleb.
  4693 | D:5      | Found a shadowy altar of Dithmenos.
  4696 | D:5      | Found a basalt altar of Yredelemnul.
  4987 | D:5      | Found a staircase to the Ecumenical Temple.
  5029 | Temple   | Entered the Ecumenical Temple
  5216 | Temple   | Became a worshipper of Hepliaklqana the Forgotten
  5513 | D:6      | Noticed a wyvern
  5519 | D:6      | Killed a wyvern
  5520 | D:6      | Reached XP level 8. HP: 59/67 MP: 12/12
  6184 | D:6      | You fall into a shaft and drop 2 floors!
  6208 | D:8      | HP: 4/90 [wight/+3 halberd (8)]
  6208 | D:8      | HP: 1/87 [wight/+3 halberd (3)]
  6208 | D:8      | Slain by a wight

Illustrated notes

Levels and vault maps discovered:
D:1:      amcnicky_arrival_abandoned_market, layout_basic,
          shapermc_ecumenical_altar_flowoftime
D:2:      layout_basic
D:3:      layout_basic, mainiacjoe_overflow_small_starburst, serial_shops, shop,
          minivault_24, nicolae_concentric_dashed_squares_wild,
          minmay_misc_feat_rugged, minmay_between, uniq_robin
D:4:      layout_rooms, wad_floor_pattern_1, chequers_mini_garden,
          dilly_guarded_unrand_throatcut
D:5:      layout_basic, grunt_temple_overflow_cloverleaf,
          minmay_temple_entry_offerings, hangedman_abyss_or_decor_stabs,
          nicolae_figureground_pulse
D:6:      layout_rooms, grunt_potential
D:8:      layout_loops_ring
Temple:   chequers_temple_sunken

Skill      XL: |  1  2  3  4  5  6  7 |
---------------+----------------------+-----
Invocations    | 1 2 3 |  3.9
Short Blades   | 1 2 3 |  3.5
Long Blades    | 1 2 3 |  3.5
Axes           | 1 2 3 |  3.5
Polearms       | 1 2 3 |  3.5
Staves         | 1 2 3 |  3.5
Ranged Weapons | 1 2 3 |  3.5
Throwing       | 1 2 3 |  3.5
Dodging        | 1 2 3 |  3.5
Stealth        | 1 2 3 |  3.5
Unarmed Combat | 1 2 3 |  3.5
Spellcasting   | 1 2 3 |  3.5
Evocations     | 1 2 3 |  3.5
Conjurations   | 1 2 |  2.9
Hexes          | 1 2 |  2.9
Summonings     | 1 2 |  2.9
Necromancy     | 1 2 |  2.9
Translocations | 1 2 |  2.9
Transmutations | 1 2 |  2.9
Fire Magic     | 1 2 |  2.9
Ice Magic      | 1 2 |  2.9
Air Magic      | 1 2 |  2.9
Earth Magic    | 1 2 |  2.9
Poison Magic   | 1 2 |  2.9
Maces & Flails | 5 |  5.8
Fighting       | 7 |  7.5
Armour         | 7 |  7.5
Shields        | 7 |  7.5

Action                     |  1- 3 |  4- 6 |  7- 9 || total
---------------------------+-------+-------+-------++-------
  Melee: Flail             |   102 |   166 |       ||   268
         Bite              |    11 |    13 |     8 ||    32
         Long sword        |       |     6 |    99 ||   105
  Evoke: Wand              |       |     4 |     1 ||     5
    Use: Potion            |       |     7 |     3 ||    10
         Scroll            |       |     1 |     1 ||     2
 Armour: Scale mail        |    40 |    99 |       ||   139
         Chain mail        |       |     1 |   108 ||   109
         Skin              |       |       |     3 ||     3
  Dodge: Dodged            |    42 |   103 |    82 ||   227
  Block: Buckler           |    23 |    60 |    44 ||   127

Table legend: (Time is in decaauts)
 A = Elapsed time spent in this place.
 B = Non-inter-level travel time spent in this place.
 C = Inter-level travel time spent in this place.
 D = Time resting spent in this place.
 E = Time spent auto-exploring this place.
 F = Levels seen in this place.
 G = Mean time per level.
                   A        B        C        D        E       F      G
               +--------+--------+--------+--------+--------+-----+--------+
         Total |   6367 |   6183 |    184 |   1230 |   3905 |   8 |  795.9 |
       Dungeon |   6089 |   5905 |    184 |   1230 |   3681 |   7 |  869.9 |
        Temple |    278 |    278 |      0 |      0 |    224 |   1 |  278.0 |
               +--------+--------+--------+--------+--------+-----+--------+

Top non-repeatable levels by time:
     D:3: 1703 daAuts
     D:5: 1154 daAuts
     D:2: 986 daAuts
     D:1: 930 daAuts
     D:4: 684 daAuts
     D:6: 604 daAuts
  Temple: 278 daAuts
     D:8: 25 daAuts
